Map: Alcyone LE

Players

IlIlIlIlIlIl

  • Race: Terran Terran
  • Spawn Location: 7:00

A.I. 1 (Very Easy) - Winner!

  • Race: Zerg Zerg
  • Spawn Location: 1:00

VOD

Have the link to the VOD?

Description

Time

  • Played on: June 5, 2025, 4:19 p.m.
  • Length: 5:57
Show
View Real Time Build Order
Export as new Build Order

IlIlIlIlIlIl Terran 

Build Orders: Reaper Expand 

Get SALT Encoding   

  12  0:00  SCV  
  13  0:12  SCV  
  14  0:17  Supply Depot  
  14  0:24  SCV  
  15  0:38  SCV  
  15  0:40  Barracks  
  16  0:43  Refinery  
  16  0:50  SCV  
  17  1:03  SCV  
  18  1:15  SCV  
  19  1:26  Reaper  
  19  1:27  Orbital Command  
  20  1:39  Command Center  
  20  1:46  Supply Depot  
  20  1:53  SCV  
  21  1:58  Marine  
  22  2:05  SCV  
  23  2:09  Factory  
  23  2:17  SCV  
  24  2:26  Barracks Reactor  
  24  2:29  SCV  
  25  2:41  SCV  
  25  2:42  Command Center  
  26  2:51  Orbital Command  
  26  2:55  SCV  
  27  3:00  Barracks  
  27  3:07  SCV  
  27  3:08  Hellion  
  32  3:12  Hellion  
  32  3:14  Barracks Tech Lab  
  32  3:19  SCV x2  
  34  3:25  Refinery  
  34  3:30  Bunker  
  34  3:31  SCV  
  35  3:35  SCV  
  36  3:42  Marine  
  36  3:43  SCV, Stimpack  
  36  3:48  SCV  
  39  3:52  Starport  
  39  3:54  Orbital Command  
  39  3:55  SCV  
  39  3:57  Marine x2  
  39  4:00  SCV  
  43  4:04  Factory Reactor  
  43  4:07  SCV  
  44  4:12  SCV  
  44  4:14  Marine  
  44  4:15  Marine x2  
  44  4:16  Supply Depot  
  48  4:18  Supply Depot  
  48  4:19  SCV  
  48  4:20  SCV  
  50  4:24  SCV  
  50  4:29  Medivac  
  53  4:32  SCV, Marine  
  53  4:33  Marine x2  
  53  4:34  Armory  
  53  4:36  SCV  
  58  4:41  Hellion  
  58  4:43  Hellion  
  63  4:45  SCV x2  
  63  4:49  Supply Depot  
  63  4:50  Marine  
  63  4:51  Marine x2, Supply Depot  
  68  4:52  SCV  
  68  4:57  SCV  
  69  5:02  Hellion  
  69  5:06  SCV, Hellion  
  74  5:07  Medivac  
  74  5:08  Marine  
  74  5:10  SCV x2, Marine  
  74  5:11  Marine  
  81  5:18  SCV  
  81  5:19  Barracks  
  82  5:22  Engineering Bay x2  
  82  5:23  Refinery  
  82  5:26  Refinery  
  82  5:42  SCV x2  
  84  5:45  Starport Reactor  
  88  5:53  Factory Tech Lab  
Show
View Real Time Build Order
Export as new Build Order

A.I. 1 (Very Easy) Zerg - Winner!

Build Orders: Pool Only 

Get SALT Encoding   

  12  0:01  Drone  
  13  0:12  Overlord  
  13  0:16  Drone  
  14  0:35  Spawning Pool  
  14  0:36  Extractor  
  14  0:40  Drone  
  13  0:47  Drone  
  14  0:53  Overlord  
  14  1:24  Queen, Zergling x2  
  17  1:34  Roach Warren  
  17  1:38  Drone  
  17  1:41  Extractor  
  17  1:46  Drone  
  17  1:52  Zergling x2  
  18  2:03  Drone  
  19  2:10  Drone  
  20  2:21  Drone, Zergling x2  
  22  2:30  Overlord  
  21  2:38  Drone  
  22  2:45  Drone  
  22  2:50  Roach  
  25  2:52  Drone  
  26  3:18  Zergling x2  
  27  3:54  Zergling x2  
Tags
 
Add a new tag
Caveats
  • Supply blocks, unpowered buildings, or Contaminate may cause inaccurate times.
  • Supply counts are checked every 10 seconds.